 Dungeon Crawl Stone Soup version 0.31.0-11-ge490571c62 (webtiles) character file.

Game seed: 12401787896924326417

103 Daunt the Trooper (level 5, -1/40 HPs)
             Began as a Djinni Chaos Knight on Jan 27, 2024.
             Slain by a neqoxec (10 damage)
             ... summoned by Xom
             ... on level 2 of the Dungeon.
             The game lasted 00:10:15 (1067 turns).

Daunt the Trooper (Djinni Chaos Knight)             Turns: 1067, Time: 00:10:16

Health: -1/40      AC:  5    Str: 11      XL:     5   Next: 6%
Gold:   83         EV: 12    Int: 16      God:
                   SH:  0    Dex: 11 (12)

rFire   + + .        a - +0 falchion (chaos)
rCold   x . .        (no shield)
rNeg    . . .        j - +2 leather armour
rPois   ∞            g - +0 hat
rElec   .            (no cloak)
rCorr   .            (no gloves)
SInv    .            (boots unavailable)
Will    .....        (no amulet)
Stlth   +            (no ring)
HPRegen 0.26/turn    (no ring)
MPRegen 0.00/turn

%: infuse magic (-2 HP)
@: flying
A: sickness immunity, fire resistance 2, cold vulnerability 1, float, innate
caster, HP casting, extra vitality 1, deterioration 1
a: no special abilities


You were on level 2 of the Dungeon.
You visited 1 branch of the dungeon, and saw 2 of its levels.

You collected 83 gold pieces.

Inventory:

Hand Weapons
 a - a +0 falchion of chaos (weapon)
 b - a +0 sling
 r - a +2 spear of venom
Missiles
 i - 12 stones (quivered)
Armour
 g - a +0 hat (worn)
 j - a +2 leather armour (worn)
Scrolls
 c - a scroll of butterflies
 h - a scroll of poison {unknown}
 l - a scroll of enchant weapon {unknown}
 m - a scroll of teleportation {unknown}
 p - a scroll of enchant armour {unknown}
 q - a scroll of fear {unknown}
Potions
 d - 2 potions of curing {unknown}
 f - a potion of enlightenment {unknown}
 k - 2 potions of lignification {unknown}
 n - a potion of haste {unknown}
 o - a potion of resistance {unknown}


   Skills:
 - Level 3.2 Fighting
 - Level 2.9 Long Blades
 - Level 1.5 Armour
 - Level 2.6 Dodging
 + Level 2.4 Spellcasting
 + Level 2.4 Conjurations
 + Level 2.4 Hexes
   Level 0.0 Charms
 + Level 2.4 Summonings
 + Level 2.4 Necromancy
 + Level 2.4 Translocations
   Level 0.0 Transmutations
 + Level 2.4 Fire Magic
 + Level 2.4 Ice Magic
 + Level 2.4 Air Magic
 + Level 2.4 Earth Magic
 + Level 2.4 Alchemy


You knew the following spells:

 Your Spells              Type           Power      Damage    Failure   Level
a - Shock                 Conj/Air       36%        1d5       10%         1
b - Ensorcelled Hibernat  Hex/Ice        18%        N/A       14%         2
Your spell library was empty.

Dungeon Overview and Level Annotations

Branches:
Dungeon (2/15)

Altars:

Shops:
D:1 ?


Innate Abilities, Weirdness & Mutations

You are immune to sickness and miasma.
You are immune to poison.
Your flesh is very heat resistant. (rF++)
You are vulnerable to cold. (rC-)
You float through the air rather than walking.
You learn spells naturally, not from books.
Your magical power is your life essence.
You have superior vitality. (+4 MHP)
Your body sometimes deteriorates upon taking damage.


Message History

You hit the goblin.
You kill the goblin!
The goblin hits you with a +0 club.
* * * LOW HITPOINT WARNING * * *
You hit the goblin.
You kill the goblin!
The goblin closely misses you.
You hit the goblin.
You kill the goblin!
Things that are here:
a +0 club; a +0 club; a goblin corpse
Items here: ))))) ††††.
Items here: )))) [[ †.
Okay, then.
Unknown command.
r - a +2 spear of venom You are flying.
Your flying speed is average.
Your attack delay is about 1.1.
Your damage rating with your +0 falchion of chaos is about 9 (Base 8 x 102% (Dex) x 110% (Skill)).
Your base attributes are Str 11, Int 16, Dex 12.
Unknown command.
Your +2 spear of venom begins to drip with poison!
r - a +2 spear of venom (weapon)
You are flying.
Your flying speed is average.
Your attack delay is about 1.1.
Your damage rating with your +2 spear of venom is about 8 (Base 6 x 102% (Str) x 105% (Skill) + 2 (Ench)).
Your base attributes are Str 11, Int 16, Dex 12.
Unknown command.
Okay, then.
Your +2 spear of venom stops dripping with poison.
Your +0 falchion of chaos is briefly surrounded by a scintillating aura of random colours.
a - a +0 falchion of chaos (weapon)
You start resting. "Time to have some fun!"
You hit the hellwing but do no damage.
Unknown command.
Okay, then.
As you read the scroll labelled LAK YCREONI, it crumbles to dust.
You hear a loud clanging noise!
It was a scroll of noise.
The hellwing closely misses you. The hellwing barely misses you.
The neqoxec hits you!
You die...

.....##.##..#####
#.#
.....##.........#
#.#
.....###....>...#
#.# ######
#........# #.#
#........# #.#
#........# #.# ###
#.......## #)# #...
#......5####)# #..g.
#......54@35.#
#.....#......5######
+...g.'....####
#....g###### #....
####


You could see a hellwing (summoned), a neqoxec (summoned), a quasit (summoned),
a crimson imp (summoned), a white imp (summoned) and a shadow imp (summoned).

Vanquished Creatures
  Jessica (D:2)
  Robin (D:2)
  2 adders (D:2)
  2 ball pythons
  7 bats
  2 endoplasms
  A giant cockroach (D:1)
  14 goblins
  6 hobgoblins
  A kobold (D:1)
  2 quokkas (D:1)
  3 frilled lizards (D:1)
  A rat (D:1)
43 creatures vanquished.

Notes
Turn   | Place    | Note
-------+----------+-------------------------------------------
     0 | D:1      | Daunt the Djinni Chaos Knight began the quest for the Orb.
     0 | D:1      | Reached XP level 1. HP: 20/20 MP: 0/0
     4 | D:1      | Fell from the grace of Xom
   176 | D:1      | Reached XP level 2. HP: 25/25 MP: 0/0
   321 | D:1      | Found Meolilim's Magic Scroll Emporium.
   381 | D:1      | Reached XP level 3. HP: 30/30 MP: 0/0
   381 | D:1      | Learned a level 1 spell: Shock
   443 | D:1      | XOM: give mutations
   443 | D:1      | Gained mutation: Your body sometimes deteriorates upon
                  | taking damage. [Xom's mischief]
   706 | D:2      | XOM: cloud trail
   863 | D:2      | Noticed Jessica
   873 | D:2      | Killed Jessica
   874 | D:2      | Reached skill level 1 in Spellcasting
   874 | D:2      | Reached skill level 1 in Conjurations
   874 | D:2      | Reached skill level 1 in Hexes
   874 | D:2      | Reached skill level 1 in Summonings
   874 | D:2      | Reached skill level 1 in Necromancy
   874 | D:2      | Reached skill level 1 in Translocations
   874 | D:2      | Reached skill level 1 in Fire Magic
   874 | D:2      | Reached skill level 1 in Ice Magic
   874 | D:2      | Reached skill level 1 in Air Magic
   874 | D:2      | Reached skill level 1 in Earth Magic
   874 | D:2      | Reached skill level 1 in Alchemy
   874 | D:2      | Reached XP level 4. HP: 26/35 MP: 0/0
   953 | D:2      | Found a faded altar of an unknown god.
  1006 | D:2      | Noticed Robin
  1037 | D:2      | XOM: torment (17/35 hp)
  1046 | D:2      | Killed Robin
  1047 | D:2      | Reached XP level 5. HP: 10/40 MP: 0/0
  1047 | D:2      | Learned a level 2 spell: Ensorcelled Hibernation
  1065 | D:2      | XOM: summons 6 hostile demons
  1066 | D:2      | Noticed a neqoxec
  1066 | D:2      | Noticed a hellwing
  1067 | D:2      | Slain by a neqoxec

Illustrated notes

Levels and vault maps discovered:
D:1:      moated_graveyard_arrival, layout_basic, serial_shops,
          nicolae_shop_tiny_real_fake_doors
D:2:      layout_basic, dreamdust_ecumenical_altar_hidden_monk_grotto,
          basic_altar, uniq_jessica, uniq_robin

Skill      XL: |  1  2  3  4 |
---------------+-------------+-----
Spellcasting   | 1 2 |  2.4
Conjurations   | 1 2 |  2.4
Hexes          | 1 2 |  2.4
Summonings     | 1 2 |  2.4
Necromancy     | 1 2 |  2.4
Translocations | 1 2 |  2.4
Fire Magic     | 1 2 |  2.4
Ice Magic      | 1 2 |  2.4
Air Magic      | 1 2 |  2.4
Earth Magic    | 1 2 |  2.4
Alchemy        | 1 2 |  2.4
Fighting       | |  3.2
Long Blades    | |  2.9
Armour         | |  1.5
Dodging        | |  2.6

Action                     |  1- 3 |  4- 6 || total
---------------------------+-------+-------++-------
  Melee: Falchion          |    98 |    46 ||   144
         Punch             |     1 |       ||     1
   Fire: Sling             |     3 |       ||     3
   Cast: Shock             |     3 |       ||     3
 Invoke: Renounce Religion |     1 |       ||     1
    Use: Scroll            |       |     1 ||     1
   Stab: Paralysed         |       |     1 ||     1
 Armour: Leather armour    |    57 |    36 ||    93
  Dodge: Dodged            |    67 |    29 ||    96
